 Dungeon Crawl Stone Soup version 0.24-a0-373-g39439d866b (webtiles) character file.

Game seed: 17465628770145700156

16 sankara the Insei (level 2, 21/21 HPs)
             Began as a Merfolk Transmuter on May 16, 2019.
             Quit the game on level 1 of the Dungeon on May 30, 2019.
             The game lasted 00:06:10 (437 turns).

sankara the Insei (Merfolk Transmuter)               Turns: 437, Time: 00:06:10

Health: 21/21      AC:  2    Str: 10    XL:     2   Next: 54%
Magic:  14/14      EV: 13    Int: 12    God:
Gold:   29         SH:  0    Dex: 14    Spells: 2/5 levels left

rFire    . . .     SeeInvis .     - Unarmed
rCold    . . .     Gourm    .   (no shield)
rNeg     . . .     Faith    .   b - +0 robe
rPois    .         Spirit   .   (no helmet)
rElec    .         Reflect  .   (no cloak)
rCorr    .         Harm     .   (no gloves)
MR       .....                  (no boots)
Stlth    +.........             (no amulet)
HPRegen  0.07/turn              f - ring of magical power {MP+9}
MPRegen  0.14/turn              (no ring)

@: no status effects
A: change form in water, swift swim, stealthy swim
a: no special abilities


You were on level 1 of the Dungeon.
You were not hungry.

You visited 1 branch of the dungeon, and saw 1 of its levels.

You collected 29 gold pieces.

Inventory:

Missiles
 a - 12 arrows
 c - 75 stones (quivered)
Armour
 b - a +0 robe (worn)
Jewellery
 f - a ring of magical power (left hand) {MP+9}
   (You found it on level 1 of the Dungeon)
Scrolls
 e - a scroll of enchant weapon {unknown}
 h - a scroll of teleportation {unknown}
Comestibles
 d - 2 rations
 g - 5 chunks of flesh {@w0}


   Skills:
 - Level 1.1 Fighting
 - Level 2.6 Dodging
 * Level 3.9 Unarmed Combat
 - Level 2.0 Spellcasting
 + Level 3.2 Transmutations


You had 2 spell levels left.
You knew the following spells:

 Your Spells              Type           Power        Failure   Level  Hunger
a - Beastly Appendage     Tmut           #.....       8%          1    ##.....
b - Sticks to Snakes      Tmut           #.......     11%         2    ###....

Your spell library contained the following spells:

 Spells                   Type           Power        Failure   Level  Hunger
 Spider Form              Tmut/Pois      #.........   38%         3    ####...
 Ice Form                 Ice/Tmut       #.......     80%         4    #####..
 Blade Hands              Tmut           #.........   90%         5    ######.


Dungeon Overview and Level Annotations

Branches:
Dungeon (1/15)

Altars:


Message History

You hit the jackal.
The jackal is almost dead.
The jackal misses you.
You hit the jackal.
You kill the jackal!
You barely miss the jackal. Your headbutt misses the jackal.
The jackal closely misses you.
You barely miss the jackal. The jackal barely misses you. The jackal bites you.
You punch the jackal!
You kill the jackal!
You hit the jackal but do no damage.
You headbutt the jackal, but do no damage.
Your transformation is almost over.
The jackal bites you.
You barely miss the jackal. The jackal barely misses you.
The jackal completely misses you.
You closely miss the jackal. You headbutt the jackal.
The jackal is almost dead.
The jackal barely misses you.
You hit the jackal.
You kill the jackal!
You hit the jackal.
You kill the jackal!
You barely miss the rat. You headbutt the rat.
You kill the rat!
No target in view!
Things that are here:
a jackal corpse x2
You butcher the jackal corpse.
g - 4 chunks of flesh {@w0} (gained 3)
Things that are here:
a jackal skeleton; a jackal corpse You butcher the jackal corpse.
Your horns disappear.
g - 5 chunks of flesh {@w0} (gained 1)
Things that are here:
a jackal skeleton x2
h - a scroll labeled MIN BUOPAEH A kobold comes into view.
It is wielding a -1 club.
Things that are here:
a jackal skeleton x2
A kobold is nearby!
Casting: Beastly Appendage (safe; 8% risk of failure)
Confirm with . or Enter, or press ? or * to list all spells.
You grow a pair of large bovine horns.
The kobold shouts!
You closely miss the kobold. The kobold completely misses you.
You barely miss the kobold.
The kobold hits you with a cursed -1 club.
You completely miss the kobold. You headbutt the kobold.
The kobold is moderately wounded.
The kobold hits you but does no damage.
You hit the kobold.
You kill the kobold!
No target in view!
No target in view!
No target in view!
No target in view!
No target in view!
Things that are here:
a cursed -1 club; a kobold corpse Your transformation is almost over.
Your horns disappear.
A hobgoblin comes into view. It is wielding a +0 club.
Casting: Beastly Appendage (safe; 8% risk of failure)
Confirm with . or Enter, or press ? or * to list all spells.
You miscast Beastly Appendage.
You are very lightly contaminated with residual magic.
Strange energies run through your body.
Casting: Beastly Appendage (safe; 8% risk of failure)
Confirm with . or Enter, or press ? or * to list all spells.
You grow a pair of large bovine horns.
The hobgoblin shouts!
You closely miss the hobgoblin. The hobgoblin closely misses you.
You hit the hobgoblin.
The hobgoblin is heavily wounded.
The hobgoblin hits you but does no damage.
You hit the hobgoblin.
You kill the hobgoblin!
No target in view!
No target in view!
You see here a +0 club.
You now have 29 gold pieces (gained 10).
Your transformation is almost over.
d - 2 rations (gained 1)
Your horns disappear.
Your magical contamination has completely faded away.
Welcome back, sankara the Merfolk Transmuter.
Press ? for a list of commands and other information.
Welcome back, sankara the Merfolk Transmuter.
Press ? for a list of commands and other information.
Welcome back, sankara the Merfolk Transmuter.
Press ? for a list of commands and other information.
Save game and exit?
Welcome back, sankara the Merfolk Transmuter.
Press ? for a list of commands and other information.
Save game and exit?
Welcome back, sankara the Merfolk Transmuter.
Press ? for a list of commands and other information.
Are you sure you want to abandon this character and quit the game? (Confirm with "yes".)

...⌠....#....⌠...
⌠....⌠.....⌠....⌠ ##
................. #..
.. ####....<....## #.#
.# ####...#### #..##.#
##...## ##.#.....
##..⌠..## #.##.#.#
##.......#####.....##
##..⌠...⌠..##.@......#
#.....⌠.....###.#..##.#
###.......#####...)##.#
####.#####..........# #
#..# ######..######
#.####.##
####...........#
##......#
#....###..####.#
........# #.# #..# #.#
#######.####.######..#
#.#


There were no monsters in sight!

Vanquished Creatures
  A bat (D:1)
  A hobgoblin (D:1)
  7 jackals (D:1)
  A kobold (D:1)
  A goblin (D:1)
  2 rats (D:1)
13 creatures vanquished.

Notes
Turn   | Place    | Note
-------+----------+-------------------------------------------
     0 | D:1      | sankara the Merfolk Transmuter began the quest for the Orb.
     0 | D:1      | Reached XP level 1. HP: 15/15 MP: 3/3
   255 | D:1      | Reached skill level 3 in Transmutations
   268 | D:1      | Reached XP level 2. HP: 21/21 MP: 5/5
   272 | D:1      | Learned a level 2 spell: Sticks to Snakes
   437 | D:1      | Upgraded the game from 0.24-a0-317-g5cb8de4 to
                  | 0.24-a0-335-g06ca16a
   437 | D:1      | Upgraded the game from 0.24-a0-335-g06ca16a to
                  | 0.24-a0-365-ga4d96b6e6e
   437 | D:1      | Upgraded the game from 0.24-a0-365-ga4d96b6e6e to
                  | 0.24-a0-368-g0e0cebd0f3
   437 | D:1      | Upgraded the game from 0.24-a0-368-g0e0cebd0f3 to
                  | 0.24-a0-373-g39439d866b
   437 | D:1      | Quit the game

Levels and vault maps discovered:
D:1:      dpeg_arrival_leaves_temple_mockup, layout_loops_ring

Skill      XL: |  1 |
---------------+----+-----
Transmutations | 3 |  3.2
Fighting       | |  1.1
Dodging        | |  2.6
Unarmed Combat | |  3.9
Spellcasting   | |  2.0

Action                   || total
-------------------------++-------
Melee: Unarmed           ||    34
       Headbutt          ||     7
 Cast: Beastly Appendage ||     6
Armor: Robe              ||     6
Dodge: Dodged            ||    16

Table legend:
 A = Non-vault XP
 B = Vault XP
 C = Vault XP percentage of total XP
 D = Non-vault monster count
 E = Vault monster count
 F = Vault count percentage of total count
                 A         B        C        D         E       F
            +---------+---------+-------+---------+---------+-------
      Total |      23 |       0 |   0.0 |      13 |       0 |   0.0
            +---------+---------+-------+---------+---------+-------
        D:1 |      23 |       0 |   0.0 |      13 |       0 |   0.0
            +---------+---------+-------+---------+---------+-------

Levels and vault maps discovered:
D:1:      dpeg_arrival_leaves_temple_mockup, layout_loops_ring

Table legend:
 A = Turns spent in this place as a percentage of turns spent in the entire game.
 B = Non-inter-level travel turns spent in this place as a percentage of non-inter-level travel turns spent in the entire game.
 C = Inter-level travel turns spent in this place as a percentage of turns spent in this place.
 D = Turns resting spent in this place as a percentage of non-inter-level travel turns spent in this place.
 E = Turns spent auto-exploring this place as a percentage of non-inter-level travel turns spent in this place.
 F = Non-inter-level travel turns spent in this place divided by the number of levels of this place that you've seen.
                   A       B       C       D       E      F
               +-------+-------+-------+-------+-------+----------------------
         Total | 100.0 | 100.0 |   0.0 |  34.1 |  45.3 | 437.0
       Dungeon | 100.0 | 100.0 |   0.0 |  34.1 |  45.3 | 437.0
               +-------+-------+-------+-------+-------+----------------------

Table legend:
 A = Kills in this place as a percentage of kills in entire the game.
 B = Kills by you in this place as a percentage of kills by you in the entire game.
 C = Kills by friends in this place as a percentage of kills by friends in the entire game.
 D = Other kills in this place as a percentage of other kills in the entire game.
 E = Experience gained in this place as a percentage of experience gained in the entire game.
 F = Experience gained in this place divided by the number of levels of this place that you have seen.
                   A       B       C       D       E      F
               +-------+-------+-------+-------+-------+----------------------
         Total | 100.0 | 100.0 |   N/A |   N/A | 100.0 |  23.0
       Dungeon | 100.0 | 100.0 |   N/A |   N/A | 100.0 |  23.0
               +-------+-------+-------+-------+-------+----------------------
